 Dungeon Crawl Stone Soup version 0.17-a0-802-g1f09329 (console) character file.

137 dunyain the Chopper (level 5, 38/38 HPs)
             Began as a Demonspawn Gladiator on Apr 26, 2015.
             Quit the game on level 3 of the Dungeon.
             The game lasted 00:03:42 (2283 turns).

dunyain the Chopper (Demonspawn Gladiator)          Turns: 2283, Time: 00:03:43

Health: 38/38      AC:  3    Str: 15    XL:     5   Next: 0%
Magic:  5/5        EV: 15    Int:  9    God:
Gold:   124        SH:  0    Dex: 15    Spells: 0 memorised, 4 levels left

rFire  . . .     SeeInvis .     a - +0 war axe
rCold  . . .     Clarity  .     b - +0 leather armour
rNeg   . . .     SustAb   .     (no shield)
rPois  .         Gourm    .     (helmet restricted)
rElec  .         Spirit   +     (no cloak)
rCorr  .         Warding  .     (no gloves)
rMut   .         Stasis   .     (no boots)
MR     .....                    n - amulet of rage
Stlth  ++........               (no ring)
                                p - +3 ring of evasion

@: not resistant to hostile enchantments, unstealthy
A: antennae 1, nightstalker 1, magic shield
a: Evoke Berserk Rage


You were on level 3 of the Dungeon.
You were not hungry.

You visited 1 branch of the dungeon, and saw 3 of its levels.

You collected 124 gold pieces.

Inventory:

Hand weapons
 a - a +0 war axe (weapon)
Missiles
 d - 3 throwing nets (quivered)
Armour
 b - a +0 leather armour (worn)
 c - a +0 helmet
Jewellery
 n - an amulet of rage (around neck)
 o - an uncursed amulet of warding {unknown}
 p - a +3 ring of evasion (left hand)
 u - an uncursed amulet of resist mutation
Scrolls
 l - a scroll of blinking {unknown}
 m - 4 scrolls of identify {unknown}
 r - a scroll of noise {unknown}
 s - 2 scrolls of magic mapping {unknown}
 t - a scroll of random uselessness {unknown}
Potions
 f - a potion of cure mutation {unknown}
 g - a potion of lignification {unknown}
 h - a potion of magic {unknown}
 j - 2 potions of curing {unknown}
 k - a potion of heal wounds {unknown}
 q - a potion of restore abilities {unknown}
Comestibles
 e - 2 bread rations
 v - 2 chunks of flesh


   Skills:
 - Level 2.0 Fighting
 + Level 5.2 Axes
 - Level 1.7 Throwing
 - Level 2.6 Dodging


You had 4 spell levels left.
You didn't know any spells.

Dungeon Overview and Level Annotations

Branches:
Dungeon (3/15)

Altars:
Nemelex Xobeh


Innate Abilities, Weirdness & Mutations

You have a pair of small antennae on your head.
You are slightly more attuned to the shadows.
When hurt, damage is shared between your health and your magic reserves.


Message History

You kill the rat!
Found 23 stones.
Found a stone staircase leading down and a stone staircase leading up.
Found a whip.
Found a stone staircase leading down.
A worm comes into view.
Found 14 sling bullets.
A worm is nearby!
You see here 14 sling bullets.
A goblin comes into view.
The goblin shouts!
You see here 14 sling bullets.
The goblin closely misses you.
You slash the goblin!
You kill the goblin!
You have reached level 5!
Your demonic ancestry asserts itself...
A pair of antennae grows on your head!
Your +0 helmet falls away!
Are you sure you want to abandon this character and quit the game? (Confirm with "yes".)

#...# #...#
#...#################
#...................#
#....##############.#####
#....# #...... #....###
######. ##.#...####
#...... #####.(@†##
.##### ####..# ##.w.....#
.......# ###...... #####
..... ..... ####. ....#<
#.... ....#..


You could see a worm.

Vanquished Creatures
  A hound (D:3)
  3 gnolls (D:2)
  3 adders (D:2)
  2 oozes (D:1)
  A worm (D:3)
  2 giant geckos
  4 bats
  A giant cockroach (D:2)
  6 goblins
  6 hobgoblins
  3 quokkas
  A giant newt (D:1)
  3 kobolds
  2 rats
38 creatures vanquished.

Notes
Turn   | Place    | Note
--------------------------------------------------------------
     0 | D:1      | dunyain, the Demonspawn Gladiator, began the quest for the Orb.
     0 | D:1      | Reached XP level 1. HP: 16/16 MP: 1/1
   231 | D:1      | Reached skill level 3 in Axes
   318 | D:1      | Gained mutation: You are slightly more attuned to the shadows. [demonic ancestry]
   318 | D:1      | Reached XP level 2. HP: 22/22 MP: 2/2
   951 | D:2      | Reached XP level 3. HP: 23/27 MP: 3/3
  1113 | D:2      | Reached skill level 4 in Axes
  1683 | D:2      | Found a sparkling altar of Nemelex Xobeh.
  1720 | D:2      | Gained mutation: When hurt, damage is shared between your health and your magic reserves. [demonic ancestry]
  1720 | D:2      | Reached XP level 4. HP: 26/33 MP: 4/4
  2185 | D:3      | Reached skill level 5 in Axes
  2282 | D:3      | Gained mutation: You have a pair of small antennae on your head. [demonic ancestry]
  2282 | D:3      | Reached XP level 5. HP: 38/38 MP: 5/5
  2283 | D:3      | Quit the game

Action                   |  1- 3 |  4- 6 || total
-------------------------+-------+-------++-------
Melee: War axe           |   134 |    25 ||   159
 Abil: Evoke Berserk Rag |       |     2 ||     2
 Stab: Sleeping          |     1 |     1 ||     2
  Eat: Chunk             |     2 |     4 ||     6
